Map: Triton LE

Players

Vaisravana - Winner!

  • Race: Zerg Zerg
  • Spawn Location: 11:00

A.I. 2 (Very Easy)

  • Race: Terran Terran
  • Spawn Location: 5:00

VOD

Have the link to the VOD?

Description

Time

  • Played on: Dec. 23, 2019, 10:49 a.m.
  • Length: 6:45
Show
View Real Time Build Order
Export as new Build Order

Vaisravana Zerg - Winner!

Build Orders: Pool First 

Get SALT Encoding   

  12  0:00  Drone  
  13  0:13  Overlord  
  13  0:16  Drone  
  14  0:31  Drone x2  
  14  0:35  Drone  
  17  0:46  Drone  
  17  0:48  Spawning Pool  
  17  1:08  Hatchery  
  17  1:10  Drone  
  17  1:12  Extractor  
  17  1:15  Drone  
  17  1:35  Zergling x4  
  17  1:36  Queen  
  17  1:39  Zergling x2  
  22  1:51  Overlord  
  22  2:11  Queen, Metabolic Boost  
  22  2:13  Drone x2  
  26  2:20  Queen  
  28  2:33  Drone x4  
  32  2:43  Overlord  
  32  2:49  Lair  
  32  2:52  Drone  
  32  2:57  Drone  
  34  2:58  Extractor  
  34  2:59  Drone  
  34  3:02  Drone  
  34  3:04  Drone  
  36  3:08  Drone  
  37  3:14  Drone x2  
  37  3:19  Drone  
  41  3:20  Drone x2  
  42  3:30  Roach Warren  
  42  3:32  Evolution Chamber  
  40  3:37  Evolution Chamber  
  40  3:40  Drone x2  
  41  3:44  Overlord  
  41  3:53  Spire  
  41  3:55  Drone  
  41  4:00  Drone x2  
  41  4:02  Drone  
  44  4:06  Extractor  
  44  4:07  Extractor  
  42  4:12  Drone  
  42  4:13  Drone x3  
  42  4:14  Drone  
  47  4:18  Drone  
  47  4:20  Drone  
  47  4:21  Drone  
  50  4:26  Drone  
  50  4:27  Drone  
  50  4:29  Overlord  
  52  4:33  Overlord  
  52  4:41  Overlord  
  52  4:50  Overlord  
  52  5:04  Mutalisk x6  
  64  5:10  Drone x2  
  64  5:11  Mutalisk  
  68  5:19  Drone x2  
  68  5:20  Drone  
  71  5:23  Baneling Nest  
  71  5:25  Mutalisk  
  72  5:36  Hatchery  
  72  5:39  Zergling x2  
  72  5:40  Zergling x8  
  80  5:53  Drone x4  
  81  5:57  Drone, Overseer  
  81  5:59  Drone  
  83  6:04  Drone  
  83  6:10  Overlord  
  83  6:18  Overlord  
  83  6:26  Drone  
  83  6:27  Overlord x2  
  83  6:29  Drone x3  
Show
View Real Time Build Order
Export as new Build Order

A.I. 2 (Very Easy) Terran 

Build Orders:  

Get SALT Encoding   

  12  0:00  SCV  
  13  0:13  SCV  
  14  0:18  Supply Depot  
  14  0:37  Refinery  
  14  0:42  Barracks  
  14  1:05  Supply Depot  
  14  1:14  Refinery  
  14  1:30  SCV, Marine  
  16  1:42  SCV  
  17  1:54  SCV  
  18  2:06  SCV, Marine  
  20  2:18  SCV  
  21  2:30  SCV  
  22  2:41  Marine  
  22  2:44  Orbital Command  
  23  6:01  SCV, Marine  
  23  6:04  Supply Depot  
  25  6:06  Factory  
  25  6:21  SCV  
Tags
 
Matchup
TvZ
Opening
Pool First
Spawn Locations
Cross Positions
Add a new tag
Caveats
  • Supply blocks, unpowered buildings, or Contaminate may cause inaccurate times.
  • Supply counts are checked every 10 seconds.